 Bloatcrawl 2 version 2.3.0-a0-200-g81abc02 (webtiles) character file.

Game seed: 15343620373147504240, levelgen mode: deterministic

36927 FredericMitz the Peltast (level 13, -1/84 HPs)
             Began as a Gargoyle Gonger on Apr 13, 2020.
             Was a High Priest of Okawaru.
             Slain by an eight-headed hydra (7 damage)
             ... on level 4 of the Lair of Beasts.
             The game lasted 01:26:34 (16791 turns).

FredericMitz the Peltast (Gargoyle Gonger)         Turns: 16791, Time: 01:26:34

Health: -1/84      AC: 28    Str: 18    XL:     13   Next: 93%
Magic:  18/18      EV:  3    Int: 13    God:    Okawaru [*****.]
Gold:   877        SH: 35    Dex: 12    Spells: 12/12 levels left Game modifiers: x1.5 XP

rFire    . . .     SeeInvis .   G - +2 rapier (speed)
rCold    . . .     Gourm    .   c - +18 shield of the Gong {rElec rN+ MR+ EV-5}
rNeg     + + .     Faith    .   L - +1 shadow dragon scales
rPois    ∞         Spirit   .   (no helmet)
rElec    +         Reflect  +   K - +0 cloak
rCorr    .         Harm     .   R - +0 pair of gloves
MR       +....                  (no boots)
Stlth    +++.......             m - +3 amulet of reflection
HPRegen  0.24/turn              I - ring of stealth
MPRegen  0.16/turn              (no ring)

@: no status effects
A: negative energy resistance 1, electricity resistance, unbreathing,
petrification resistance, rot immunity, AC +9
a: Heroism, Finesse, Renounce Religion


You were on level 4 of the Lair of Beasts.
You worshipped Okawaru.
Okawaru was extremely pleased with you.
You were not hungry.

You visited 3 branches of the dungeon, and saw 17 of its levels.

You collected 877 gold pieces.

Inventory:

Hand Weapons
 v - a +2 dagger of protection
 G - a +2 rapier of speed (weapon)
 S - a +0 dagger of draining
Missiles
 s - 79 poisoned darts (quivered)
Armour
 c - the +18 shield of the Gong (worn) {rElec rN+ MR+ EV-5}

   It affects your evasion (-5).
   It insulates you from electricity.
   It protects you from negative energy.
   It affects your resistance to hostile enchantments.
 K - a +0 cloak (worn)
 L - +1 shadow dragon scales (worn)
 R - a +0 pair of gloves (worn)
 U - a +2 robe of fire resistance
 V - the +3 leather armour "Qotwut" {+Inv rElec Dex-3}
   (You found it on level 2 of the Lair of Beasts)

   It affects your dexterity (-3).
   It insulates you from electricity.
   It lets you turn invisible.
   If you switch to wearing this armour, your AC will decrease by 8 (28 -> 20).
 Z - a +1 robe of cold resistance
Jewellery
 m - a +3 amulet of reflection (around neck)
 u - an uncursed ring of protection from cold {unknown}
 y - an uncursed ring of poison resistance {unknown}
 I - a ring of stealth (left hand)
 J - an uncursed ring of ice
 Q - an uncursed ring of stealth
Wands
 e - a wand of enslavement (7)
 A - a wand of paralysis (5)
 C - a wand of flame (2)
 N - a wand of random effects (45)
 O - a wand of polymorph (11)
 Y - a wand of digging (12)
Scrolls
 a - a scroll of enchant armour
 f - 3 scrolls of magic mapping
 g - a scroll of random uselessness
 h - 2 scrolls of amnesia {unknown}
 i - 2 scrolls of noise {unknown}
 k - 10 scrolls of remove curse
 n - 2 scrolls of fear
 p - a scroll of identify
 r - 2 scrolls of immolation {unknown}
 x - 4 scrolls of fog
 B - 3 scrolls of summoning
 F - 3 scrolls of blinking {unknown}
 H - 3 scrolls of enchant weapon {unknown}
Potions
 b - 3 potions of degeneration {unknown}
 j - 2 potions of curing
 l - 2 potions of might {unknown}
 o - a potion of berserk rage {unknown}
 q - 2 potions of brilliance
 w - a potion of magic {unknown}
 z - 3 potions of invisibility
 D - a potion of resistance {unknown}
 E - 5 potions of agility
 M - 2 potions of lignification {unknown}
 P - 3 potions of haste
 T - a potion of ambrosia {unknown}
 W - 2 potions of mutation {unknown}
 X - a potion of heal wounds {unknown}
Comestibles
 d - 29 rations
 t - 12 chunks of flesh


   Skills:
 + Level 11.4 Fighting
 + Level 10.8 Armour
 - Level 0.4 Dodging
 * Level 15.6 Shields
 + Level 7.9 Evocations


You had 12 spell levels left.
You didn't know any spells.
Your spell library was empty.

Dungeon Overview and Level Annotations

Branches:
Dungeon (10/15)            Temple (1/1) D:5            Lair (6/6) D:9
  Swamp (0/4) Lair:3        Snake (0/4) Lair:2          Orc (0/2) D:9
  Slime: Lair:5-6

Altars:
Ashenzari
Cheibriados
Dithmenos
Elyvilon
Fedhas
Hepliaklqana
Kikubaaqudgha
Makhleb
Nemelex Xobeh
Okawaru
Qazlal
Ru
Sif Muna
Trog
Uskayaw
Vehumet
Wu Jian
Xom
Yredelemnul
Zin

Shops:
D:8 (


Innate Abilities, Weirdness & Mutations

You are resistant to torment.
Your stone body is resilient. (AC +9)
You are immune to poison.
You resist negative energy. (rN+)
You are resistant to electric shocks. (rElec)
You can survive without breathing.
You are immune to petrification.
You are immune to rotting.


Message History

You block the eight-headed hydra's attack.
PANG!
The eight-headed hydra bites you but does no damage.
You block the eight-headed hydra's attack.
BONNNG!
The eight-headed hydra bites you but does no damage.
The eight-headed hydra bites you!
* * * LOW HITPOINT WARNING * * *
You block the eight-headed hydra's attack.
GONNNNG!
The eight-headed hydra completely misses you.
The eight-headed hydra bites you but does no damage. x2
The eight-headed hydra bites you.
* * * LOW HITPOINT WARNING * * *
The eight-headed hydra bites you but does no damage.
The eight-headed hydra bites you!
* * * LOW HITPOINT WARNING * * *
The eight-headed hydra bites you but does no damage. x3
The eight-headed hydra bites you!
You die...

###..#................
#...#.###.#..........
##......###........P.
###.#...## #........#.
###...#....###..>.P.....
#.P..P#.....##....#.....
#.....................#.
##....................<.
#....D@..........#.###.
##.................####.
##.........#.##.....###..
###P..##P..##.#..#.....##..
##....####...........#>##.#.
#.....##.......##.#....##...
##....#.#......#..........#.
##...........#.............
#.....#......##...#....#.#.


You could see an eight-headed hydra.

Vanquished Creatures
  Fannar (Lair:3)
  5 hydras
  A gargoyle (D:10)
  6 spiny frogs
  3 komodo dragons
  A rime drake (Lair:5)
  3 trolls
  Grinder (D:5)
  A bog body (Lair:3)
  A dream sheep (Lair:5)
  14 blink frogs
  5 slime creatures
  3 hippogriffs
  Sigmund (D:4)
  A wyvern (Lair:5)
  Eustachio (D:6)
  2 hungry ghosts (D:9)
  20 yaks
  3 swamp worms (Lair:3)
  4 nagas (Lair:2)
  8 water moccasins
  14 porcupines
  Duvessa (D:6)
  4 orc warriors
  An ice beast (D:10)
  A sky beast (D:8)
  2 black bears
  An eye of draining (D:10)
  2 phantoms
  A necrophage (D:8)
  A centaur (D:7)
  3 ogres
  7 crocodiles
  A big kobold (D:8)
  Blork the orc (D:6)
  12 bullfrogs
  Dowan (D:6)
  A wyvern skeleton (D:7)
  2 troll zombies (D:9)
  A scorpion (D:8)
  3 killer bees (D:10)
  6 electric eels
  A crimson imp (D:8)
  A quasit (D:7)
  7 hounds
  7 orc priests
  A jelly (D:6)
  A bullfrog skeleton (D:4)
  2 iguanas
  9 orc wizards
  2 hell rats (Lair:1)
  6 worker ants
  A killer bee zombie (D:5)
  4 ogre zombies (D:9)
  A worker ant zombie (D:7)
  4 gnolls (D:7)
  5 adders
  9 river rats
  A shadow imp (D:10)
  An adder zombie (D:5)
  An adder skeleton (D:4)
  2 worms
  A dart slug (D:2)
  5 leopard geckos
  23 orcs
  4 giant cockroaches (D:3)
  11 goblins
  14 hobgoblins
  6 jackals (D:8)
  16 kobolds
  4 quokkas
  10 bats
  8 frilled lizards
  2 goblin skeletons (D:9)
  A goblin zombie (D:9)
  2 hobgoblin skeletons (D:9)
  A hobgoblin zombie (D:9)
  2 orc skeletons (D:9)
  11 orc zombies (D:9)
  8 rats
  A bush (Lair:5)
347 creatures vanquished.

Vanquished Creatures (others)
  A hydra (Lair:5)
  2 bushes
  6 fungi
  9 plants
18 creatures vanquished.

Grand Total: 365 creatures vanquished

Notes
Turn   | Place    | Note
-------+----------+-------------------------------------------
     0 | D:1      | FredericMitz the Gargoyle Gonger began the quest for the
                  | Orb.
     0 | D:1      | Reached XP level 1. HP: 14/14 MP: 1/1
    57 | D:1      | Reached XP level 2. HP: 14/19 MP: 2/2
   421 | D:1      | Reached XP level 3. HP: 23/23 MP: 3/3
   572 | D:1      | Reached skill level 6 in Shields
  1139 | D:2      | Reached XP level 4. HP: 28/28 MP: 4/4
  1153 | D:2      | Reached skill level 1 in Armour
  1665 | D:3      | Reached XP level 5. HP: 33/33 MP: 5/5
  2444 | D:4      | Noticed an ogre
  2453 | D:4      | Killed an ogre
  2453 | D:4      | Reached skill level 7 in Shields
  2453 | D:4      | Reached XP level 6. HP: 39/39 MP: 6/6
  2490 | D:4      | Noticed Sigmund
  2670 | D:4      | Killed Sigmund
  2670 | D:4      | Reached XP level 7. HP: 33/44 MP: 7/7
  2752 | D:4      | Found a bloodstained altar of Trog.
  3403 | D:5      | Entered Level 5 of the Dungeon
  3408 | D:5      | Noticed Grinder
  3413 | D:5      | Killed Grinder
  3413 | D:5      | Reached skill level 5 in Fighting
  3413 | D:5      | Reached skill level 8 in Shields
  3413 | D:5      | Reached XP level 8. HP: 49/49 MP: 8/8
  3651 | D:5      | Found a staircase to the Ecumenical Temple.
  3731 | Temple   | Entered the Ecumenical Temple
  3896 | Temple   | Became a worshipper of Warmaster Okawaru
  4059 | D:6      | Noticed Duvessa
  4064 | D:6      | Noticed Dowan
  4067 | D:6      | Killed Duvessa
  4078 | D:6      | Killed Dowan
  4078 | D:6      | Reached skill level 9 in Shields
  4131 | D:6      | Reached * piety under Okawaru
  4131 | D:6      | Reached XP level 9. HP: 39/55 MP: 9/9
  4253 | D:6      | Reached skill level 5 in Armour
  4269 | D:6      | Noticed Eustachio
  4295 | D:6      | Killed Eustachio
  4297 | D:6      | Noticed Blork the orc
  4339 | D:6      | Killed Blork the orc
  4856 | D:7      | Reached skill level 10 in Shields
  4939 | D:7      | Reached skill level 1 in Evocations
  4965 | D:7      | Found a shadowy altar of Dithmenos.
  6056 | D:8      | Reached XP level 10. HP: 63/63 MP: 11/11
  6249 | D:8      | Reached ** piety under Okawaru
  6249 | D:8      | Reached skill level 11 in Shields
  6933 | D:8      | Found a shimmering blue altar of Sif Muna.
  7031 | D:8      | Found Vuyloh's Weapon Emporium.
  7242 | D:9      | Found a staircase to the Lair.
  7525 | D:9      | Reached XP level 11. HP: 69/69 MP: 14/14
  7546 | D:9      | Reached *** piety under Okawaru
  7546 | D:9      | Reached skill level 12 in Shields
  8151 | D:9      | Found a staircase to the Orcish Mines.
  8721 | D:10     | Entered Level 10 of the Dungeon
  8986 | D:10     | Reached skill level 5 in Evocations
  9170 | D:10     | Reached **** piety under Okawaru
  9505 | D:10     | Reached skill level 13 in Shields
  9829 | Lair:1   | Entered Level 1 of the Lair of Beasts
  9934 | Lair:1   | Reached XP level 12. HP: 39/76 MP: 13/16
 10250 | Lair:1   | Reached ***** piety under Okawaru
 10906 | Lair:2   | Got a distressingly furry leather armour
 10907 | Lair:2   | Identified the +3 leather armour "Qotwut" {+Inv rElec
                  | Dex-3} (You found it on level 2 of the Lair of Beasts)
 10947 | Lair:2   | Noticed a seven-headed hydra
 10976 | Lair:2   | Killed a seven-headed hydra
 11070 | Lair:2   | Reached skill level 10 in Fighting
 11204 | Lair:2   | Received a gift from Okawaru
 11464 | Lair:2   | Found a staircase to the Snake Pit.
 11897 | Lair:3   | Noticed Fannar
 11911 | Lair:2   | Reached skill level 14 in Shields
 11952 | Lair:3   | Noticed a five-headed hydra
 12123 | Lair:2   | Killed a five-headed hydra
 12287 | Lair:3   | HP: 1/78 [Fannar/bolt of cold (25)]
 12728 | Lair:3   | Killed Fannar
 12728 | Lair:3   | Reached XP level 13. HP: 45/83 MP: 18/18
 13888 | Lair:3   | Reached skill level 10 in Armour
 13936 | Lair:3   | Found a staircase to the Swamp.
 14770 | Lair:4   | Reached skill level 15 in Shields
 16669 | Lair:6   | Entered Level 6 of the Lair of Beasts
 16791 | Lair:4   | Slain by an eight-headed hydra

Levels and vault maps discovered:
D:1:      dpeg_arrival_rooms_b, layout_basic, serial_forest,
          infiniplex_forest_lined_room_2, infiniplex_forest_lined_3,
          infiniplex_forest_straight_2, infiniplex_forest_clump_small,
          infiniplex_forest_3_way, infiniplex_forest_clump_long,
          infiniplex_forest_fountain
D:2:      layout_basic, first_ration
D:3:      layout_loops_ring
D:4:      layout_basic, trog_book, uniq_sigmund
D:5:      layout_rooms, temple_hall, uniq_grinder
D:6:      layout_loops_cross, uniq_eustachio, uniq_blork_the_orc, uniq_duvessa
D:7:      corexii_shantytown, layout_basic, grunt_dithmenos_smoke_and_mirrors,
          serial_rivers, chequers_serial_rivers_small_a,
          chequers_serial_rivers_micro_a, chequers_serial_rivers_micro_d,
          chequers_serial_rivers_micro_b, chequers_serial_rivers_micro_e,
          chequers_serial_rivers_room_b
D:8:      layout_loops_ring, serial_shops, shop, led_sif_pool
D:9:      layout_stronghold, dpeg_oklobed_lair, zombieorc1_lemuel
D:10:     layout_stronghold
Temple:   roderic_octagonal_lattice_temple
Lair:1:   layout_hall_layers, kennysheep_rathole
Lair:2:   layout_loops_ring, minmay_snake_entry_guardpost_small,
          grunt_megastairs_5, infiniplex_staircase_pool
Lair:3:   wander_river, layout_gridlike, nicolae_swamp_entry_splash_gauntlet,
          nicolae_volcano_entry_s_turn, beast_lair_carwin_5, uniq_fannar
Lair:4:   layout_misc_corridors, minmay_hedge_maze, grunt_megastairs_1
Lair:5:   layout_roguey, serial_bayou, serial_bayou_pond_d, serial_bayou_pond_d,
          serial_bayou_pond_b, serial_bayou_lagoon_b
Lair:6:   hangedman_lair_caniforms_friends, layout_regular_city, wormcave,
          dpeg_slime_entry_enclosed_altar, st_stairs_12, nicolae_lair_yak_garden

Skill      XL: |  1  2  3  4  5  6  7  8  9 10 11 12 13 |
---------------+----------------------------------------+-----
Shields        | 6 7 8 9 10 11 13 14 15 | 15.6
Armour         | 1 2 3 4 6 7 8 9 10 | 10.8
Fighting       | 4 5 6 7 8 9 10 11 | 11.4
Evocations     | 2 4 5 6 7 |  7.9
Dodging        | |  0.4

Action                   |  1- 3 |  4- 6 |  7- 9 | 10-12 | 13-15 || total
-------------------------+-------+-------+-------+-------+-------++-------
Melee: Mace              |   105 |    72 |       |       |       ||   177
       Dagger            |       |   160 |   107 |       |       ||   267
       Rapier            |       |       |   249 |  1424 |   541 ||  2214
Invok: Heroism           |       |       |     1 |     2 |       ||     3
Evoke: Wand              |       |       |     3 |    13 |    32 ||    48
  Use: Scroll            |       |       |     5 |     9 |     9 ||    23
       Potion            |       |       |     1 |     2 |     4 ||     7
 Stab: Distracted        |       |       |       |     2 |       ||     2
       Sleeping          |       |       |       |     1 |     1 ||     2
  Eat: Chunk             |       |     5 |     4 |    21 |     8 ||    38
       Ration            |       |       |     2 |     2 |     2 ||     6
Armor: Leather armour    |    17 |    32 |    45 |    15 |       ||   109
       Shadow dragon sca |       |       |       |   278 |   219 ||   497
Dodge: Dodged            |     8 |    12 |    20 |    33 |    32 ||   105
Block: Kite shield       |   148 |   228 |   388 |  1764 |   780 ||  3308
       Reflection        |       |       |     8 |    11 |     3 ||    22

Table legend:
 A = Non-vault XP
 B = Vault XP
 C = Vault XP percentage of total XP
 D = Non-vault monster count
 E = Vault monster count
 F = Vault count percentage of total count
                 A         B        C        D         E       F
            +---------+---------+-------+---------+---------+-------
      Total |   42385 |   10368 |  19.7 |     252 |      95 |  27.4
            +---------+---------+-------+---------+---------+-------
        D:1 |      60 |       0 |   0.0 |      24 |       0 |   0.0
        D:2 |      86 |       0 |   0.0 |      13 |       0 |   0.0
        D:3 |      68 |       0 |   0.0 |      25 |       0 |   0.0
        D:4 |     392 |     347 |  47.0 |      12 |       1 |   7.7
        D:5 |     153 |     429 |  73.7 |       4 |       1 |  20.0
        D:6 |     751 |     765 |  50.5 |       8 |       4 |  33.3
        D:7 |    1921 |     160 |   7.7 |      21 |      27 |  56.2
        D:8 |    3230 |       0 |   0.0 |      27 |       0 |   0.0
        D:9 |    3393 |    1234 |  26.7 |      24 |      31 |  56.4
       D:10 |    4585 |       0 |   0.0 |      23 |       0 |   0.0
     Lair:1 |    4285 |     237 |   5.2 |      11 |      10 |  47.6
     Lair:2 |    6791 |    2339 |  25.6 |      18 |       7 |  28.0
     Lair:3 |    1396 |    3627 |  72.2 |       6 |      10 |  62.5
     Lair:4 |    6289 |     215 |   3.3 |      11 |       1 |   8.3
     Lair:5 |    8985 |    1015 |  10.1 |      25 |       3 |  10.7
            +---------+---------+-------+---------+---------+-------
